 Dungeon Crawl Stone Soup version 0.25-a0-875-geaba134f46 (webtiles) character file.

Game seed: 787655725360731025, levelgen mode: classic

10619 Amnesiac the Frost Mage (level 11, -1/61 HPs)
             Began as a Deep Elf Ice Elementalist on May 1, 2020.
             Was a High Priest of Vehumet.
             Shot with a bolt by an orc warlord (31 damage)
             ... on level 2 of the Orcish Mines.
             The game lasted 00:30:40 (9020 turns).

Amnesiac the Frost Mage (Deep Elf Ice Elementalist) Turns: 9020, Time: 00:30:41

Health: -1/61      AC:  9    Str:  9    XL:     11   Next: 38%
Magic:  20/38      EV: 15    Int: 24    God:    Vehumet [*****.]
Gold:   840        SH:  8    Dex: 22    Spells: 15/35 levels left

rFire    . . .     SeeInvis .   a - +6 trident of Causality {pain, Str+2}
rCold    . . .     Gourm    .   H - +2 buckler
rNeg     . . .     Faith    +   N - +0 steam dragon scales
rPois    .         Spirit   .   i - +0 helmet
rElec    +         Reflect  .   I - scarf {repulsion}
rCorr    .         Harm     .   p - +0 pair of gloves (curse)
MR       +....                  (no boots)
Stlth    +++.......             x - amulet of faith
HPRegen  0.20/turn              t - +5 ring of dexterity
MPRegen  0.26/turn              L - ring of magical power

@: repel missiles
A: thin metallic scales 1, agile 1, electricity resistance, strong 1
a: Renounce Religion


You were on level 2 of the Orcish Mines.
You worshipped Vehumet.
Vehumet was extremely pleased with you.
You were not hungry.

You visited 2 branches of the dungeon, and saw 11 of its levels.

You collected 901 gold pieces.
You spent 61 gold pieces at shops.

Inventory:

Hand Weapons
 a - the +6 trident of Causality (weapon) {pain, Str+2}
   (You found it on level 6 of the Dungeon)

   In the hands of one skilled in necromantic magic, it inflicts extra damage on
   living creatures.
   It affects your strength (+2).
 P - the +7 great mace "Undeadhunter" {disrupt, rN+}
   (You found it on level 9 of the Dungeon)

   It protects you from negative energy.
Missiles
 k - 16 poisoned darts (quivered)
Armour
 i - a +0 helmet (worn)
 p - a cursed +0 pair of gloves (worn)
 H - a +2 buckler (worn)
 I - a scarf of repulsion (worn)
 N - +0 steam dragon scales (worn)
Jewellery
 h - an uncursed amulet of rage {unknown}
 t - a +5 ring of dexterity (left hand)
 x - an amulet of faith (around neck)
 L - a ring of magical power (right hand)
 O - a cursed ring of flight
Wands
 b - a wand of digging (3)
 n - a wand of disintegration (27)
 C - a wand of iceblast (8)
 M - a wand of polymorph (8)
Scrolls
 d - 4 scrolls of remove curse {!r}
 j - 7 scrolls of teleportation {!r, unknown}
 m - a scroll of immolation {!r, unknown}
 o - 10 scrolls of identify {!r, unknown}
 u - 3 scrolls of enchant armour {!r, unknown}
 y - 2 scrolls of blinking {!r, unknown}
 B - 4 scrolls of fear {!r, unknown}
 E - a scroll of torment {!r, unknown}
 F - 2 scrolls of amnesia {!r, unknown}
 K - a scroll of magic mapping {!r, unknown}
 Q - a scroll of enchant weapon {!r, unknown}
Potions
 e - a potion of berserk rage {!q, unknown}
 f - a potion of resistance {!q, unknown}
 g - a potion of mutation {!q}
 l - a potion of haste {!q, unknown}
 q - a potion of cancellation {!q, unknown}
 s - 3 potions of curing {!q}
 v - a potion of lignification {!q, unknown}
 w - 2 potions of flight {!q}
 z - a potion of stabbing {!q, unknown}
 A - a potion of heal wounds {!q, unknown}
 D - 2 potions of might {!q, unknown}
 G - 3 potions of ambrosia {!q, unknown}
 J - 2 potions of degeneration {!q, unknown}
Comestibles
 c - 15 rations


   Skills:
 - Level 4.0 Fighting
 - Level 4.0 Dodging
 - Level 4.0 Stealth
 - Level 4.0 Shields
 + Level 12.6 Spellcasting
 * Level 13.8 Ice Magic
 - Level 4.0 Evocations


You had 15 spell levels left.
You knew the following spells:

 Your Spells              Type           Power        Failure   Level  Hunger
a - Freeze                Ice            ####         0%          1    None
b - Frozen Ramparts       Ice            ######       1%          3    None
c - Summon Ice Beast      Ice/Summ       #####...     2%          4    None
d - Hailstorm             Conj/Ice       #####...     1%          4    None
e - Mephitic Cloud        Conj/Pois/Air  ###.....     3%          3    None
v - Blink                 Tloc           N/A          6%          2    None
z - Ozocubu's Armour      Chrm/Ice       #####...     1%          3    None

Your spell library contained the following spells:

 Spells                   Type           Power        Failure   Level  Hunger
 Lightning Bolt           Conj/Air       ###.......   28%         5    ###....
 Magic Dart               Conj           ###.         1%          1    None
 Conjure Flame            Conj/Fire      ###.....     3%          3    None
 Call Imp                 Summ           ###.....     6%          2    None
 Slow                     Hex            ###.....     6%          2    None
 Bolt of Magma            Conj/Fire/Erth ###.......   28%         5    ###....
 Iskenderun's Battlesphe  Conj/Chrm      ###.....     28%         5    ###....
 Iron Shot                Conj/Erth      ###.......   80%         6    #####..
 Orb of Destruction       Conj           ###.......   100%        7    ######.
 Spellforged Servitor     Conj/Summ      ###.......   100%        7    ######.


Dungeon Overview and Level Annotations

Branches:
Dungeon (9/15)             Temple (0/1) D:7            Lair (0/6) D:9
    Orc (2/2) D:9
    Elf: Orc:2

Altars:
Ashenzari
Cheibriados
Dithmenos
Hepliaklqana
Nemelex Xobeh
Sif Muna
Uskayaw
Vehumet
Wu Jian
Xom
Zin
Beogh

Shops:
D:4 [(*=(   D:7 *

Annotations:
D:5 1 runed translucent door
D:8 1 runed translucent door, exclusion: player ghost, Edwards80's ghost, novice MiBe


Innate Abilities, Weirdness & Mutations

You are partially covered in thin metallic scales. (AC +2)
You are agile. (Dex +2)
You are resistant to electric shocks. (rElec)
Your muscles are strong. (Str +2)


Message History

Confirm with . or Enter, or press ? or * to list all spells.
A chill wind blows around you.
The wall freezes the orc.
The orc hits your ice beast with a +0 hand axe.
Your ice beast dies!
The orc hits your ice beast with a +0 hand axe.
Casting: Summon Ice Beast (dangerous; 2% risk of failure)
Confirm with . or Enter, or press ? or * to list all spells.
A chill wind blows around you.
The wall freezes the orc!
You kill the orc!
Vehumet accepts your kill.
You feel your power returning.
Casting: Summon Ice Beast (dangerous; 2% risk of failure)
Confirm with . or Enter, or press ? or * to list all spells.
A chill wind blows around you.
Your magical contamination has completely faded away.
You start resting.
You hear a shout!
The frozen ramparts melt away.
You hear a shout! x3
You start resting.
An orc warlord comes into view. It is wielding a +0 great mace.
The orc warlord roars a battlecry!
You swap places.
An orc warrior and 2 orc knights come into view.
The orc knight shouts!
You hear a shout!
The orc knight hits your ice beast with a +0 great mace!!!
Your ice beast dies!
An orc wizard comes into view. It is wielding a +0 dagger.
A troll comes into view.
An orc warrior comes into view. It is wielding a +1 vorpal hand axe.
The orc warlord unwields a +0 great mace.
The orc warlord wields a +0 arbalest.
The orc warlord shoots a bolt.
The bolt hits you!!
* * * LOW HITPOINT WARNING * * *
The orc warrior moves out of view.
You hear a shout!
You see here a bolt.
You hear a shout!
The orc wizard mumbles some strange words.
The orc wizard blinks!
An orc warrior comes into view. It is wielding a +0 battleaxe.
Your ice beast freezes the orc knight!
Things that are here:
a +0 dagger; a +0 robe; an orc skeleton The orc knight roars a battlecry!
You see here a warg skeleton.
The troll bites your ice beast. The troll barely misses your ice beast.
The troll completely misses your ice beast.
The troll bites your ice beast. The troll claws your ice beast. x2
The troll bites your ice beast! The troll claws your ice beast!
Your ice beast dies!
The orc warlord roars a battlecry!
The orc knight roars a battlecry!
All of the chunks of flesh in your inventory have rotted away.
The orc knight no longer looks unusually strong.
The orc warlord roars a battlecry!
The orc knight goes into a battle-frenzy!
You hear a shout!
The orc knight roars a battlecry!
The orc warlord shoots a bolt.
The bolt is repelled.
You see here a bolt.
The orc warlord shoots a bolt.
The bolt hits you!!
Ouch! That really hurt!
You die...

#####..#...#.#...#
#####o##.##..###
##...........####
##.#...........#.#...
##...#.............#....
###.#...o.............#.....
###.........#.................
##...........(.................
#.............@................
##.......##....................
##............................
####.............................
##.....#.#..................##...
......#....................#....#
....####......#................#.
..### #............<...........รท
.## ##.....#..................


You could see an orc warlord and an orc knight.

Vanquished Creatures
  A two-headed ogre (D:8)
  An orc knight (Orc:1)
  An orc sorcerer (Orc:2)
  Maggie (D:8)
  A merfolk (D:9)
  2 trolls
  4 wargs
  16 orc warriors
  An ice beast (D:5)
  5 sky beasts
  2 phantoms
  6 centaurs
  5 ogres
  3 big kobolds (D:9)
  5 bullfrogs
  A gnoll sergeant (D:9)
  A wyvern skeleton (D:7)
  4 scorpions
  2 electric eels (D:8)
  A wight (D:9)
  A nameless horror (Orc:2)
  3 howler monkeys
  A bullfrog zombie (D:6)
  7 crimson imps
  3 hounds
  2 jellies
  17 orc priests
  14 orc wizards
  3 bullfrog skeletons
  4 iguanas
  10 worker ants
  A hound skeleton (D:9)
  2 worker ant zombies
  13 adders
  15 gnolls
  A shadow imp (D:5)
  An ooze (D:6)
  An adder zombie (D:6)
  3 adder skeletons
  4 worms
  A dart slug (D:5)
  3 leopard geckos
  77 orcs
  A ball python (D:4)
  5 bats
  4 giant cockroaches
  8 goblins
  A hobgoblin (D:2)
  13 jackals
  11 kobolds
  2 quokkas
  7 frilled lizards
  8 rats
310 creatures vanquished.

Vanquished Creatures (collateral kills)
  2 orc sorcerers
  A troll (Orc:1)
  A hungry ghost (D:9)
  A warg (Orc:2)
  A black bear (D:9)
  3 orc warriors (Orc:2)
  An ogre (D:9)
  A phantom (D:5)
  4 wights (D:9)
  A bullfrog skeleton (D:5)
  An orc wizard (Orc:2)
  2 orc priests
19 creatures vanquished.

Grand Total: 329 creatures vanquished

Notes
Turn   | Place    | Note
-------+----------+-------------------------------------------
     0 | D:1      | Amnesiac the Deep Elf Ice Elementalist began the quest for
                  | the Orb.
     0 | D:1      | Reached XP level 1. HP: 10/10 MP: 6/6
   308 | D:3      | Reached XP level 2. HP: 15/15 MP: 4/8
   311 | D:3      | Reached skill level 5 in Ice Magic
   375 | D:3      | Found a hide-covered altar of Uskayaw.
   516 | D:3      | Reached XP level 3. HP: 14/19 MP: 6/10
   547 | D:4      | Found Peh Lygeal's Jewellery Shop.
   564 | D:4      | Learned a level 3 spell: Frozen Ramparts
   570 | D:4      | Reached XP level 4. HP: 13/24 MP: 3/12
   581 | D:4      | Reached skill level 6 in Ice Magic
   583 | D:4      | Gained mutation: Your muscles are strong. (Str +2) [potion
                  | of mutation]
   583 | D:4      | Gained mutation: You are agile. (Dex +2) [potion of
                  | mutation]
   583 | D:4      | Gained mutation: You are resistant to electric shocks.
                  | (rElec) [potion of mutation]
   583 | D:4      | Gained mutation: You are partially covered in thin metallic
                  | scales. (AC +2) [potion of mutation]
   622 | D:4      | Reached XP level 5. HP: 7/28 MP: 8/14
   942 | D:4      | Reached skill level 5 in Spellcasting
   959 | D:4      | Learned a level 3 spell: Ozocubu's Armour
   964 | D:4      | Learned a level 4 spell: Hailstorm
  1075 | D:4      | Reached XP level 6. HP: 4/32 MP: 9/16
  1081 | D:4      | Learned a level 4 spell: Summon Ice Beast
  1357 | D:5      | Entered Level 5 of the Dungeon
  1366 | D:4      | Found Teweecsa's Weapon Boutique.
  1377 | D:4      | Found Hises's General Store.
  1383 | D:4      | Bought a cursed +0 pair of gloves for 18 gold pieces
  1448 | D:4      | Found Ziges's Antique Weapon Boutique.
  1757 | D:4      | Found Hoick's Armour Emporium.
  1827 | D:5      | Noticed an angel
  1828 | D:5      | Found a runed translucent door.
  1828 | D:5      | Found a glowing silver altar of Zin.
  1931 | D:5      | Reached XP level 7. HP: 36/36 MP: 13/20
  1976 | D:5      | Found an ornate altar of the Wu Jian Council.
  1979 | D:5      | Found a sparkling altar of Nemelex Xobeh.
  1979 | D:5      | Found a radiant altar of Vehumet.
  1979 | D:5      | Found a shattered altar of Ashenzari.
  1979 | D:5      | Found a shadowy altar of Dithmenos.
  1981 | D:5      | Found a hazy altar of Hepliaklqana.
  1981 | D:5      | Found a shimmering blue altar of Sif Muna.
  1982 | D:5      | Found a snail-covered altar of Cheibriados.
  1985 | D:5      | Became a worshipper of Vehumet
  2576 | D:1      | Reached * piety under Vehumet
  2576 | D:1      | Offered knowledge of Shock by Vehumet.
  3422 | D:3      | Offered knowledge of Foxfire by Vehumet.
  3472 | D:3      | Reached ** piety under Vehumet
  3620 | D:5      | Reached skill level 10 in Spellcasting
  3846 | D:5      | Reached XP level 8. HP: 26/41 MP: 21/24
  4155 | D:5      | Offered knowledge of Searing Ray by Vehumet.
  4337 | D:5      | Reached skill level 1 in Shields
  4507 | D:6      | Reached *** piety under Vehumet
  4595 | D:6      | Reached skill level 7 in Ice Magic
  4614 | D:6      | Got a blackened trident
  4615 | D:6      | Identified the +6 trident of Causality {pain, Str+2} (You
                  | found it on level 6 of the Dungeon)
  4703 | D:6      | Offered knowledge of Olgreb's Toxic Radiance by Vehumet.
  4703 | D:6      | Reached XP level 9. HP: 45/45 MP: 23/27
  4733 | D:6      | Reached skill level 1 in Evocations
  5075 | D:7      | Reached skill level 8 in Ice Magic
  5142 | D:7      | Found Honuuron's Assorted Antiques.
  5150 | D:7      | Bought a scroll labeled ENEGRIGUJE for 23 gold pieces
  5150 | D:7      | Bought a viscous cyan potion for 20 gold pieces
  5258 | D:7      | Reached **** piety under Vehumet
  5374 | D:7      | Offered knowledge of Yara's Violent Unravelling by Vehumet.
  5476 | D:7      | Reached skill level 9 in Ice Magic
  5702 | D:7      | Found a staircase to the Ecumenical Temple.
  6116 | D:8      | Noticed a two-headed ogre
  6123 | D:8      | Found a roughly hewn altar of Beogh.
  6139 | D:8      | Killed a two-headed ogre
  6139 | D:8      | Reached skill level 10 in Ice Magic
  6141 | D:8      | Reached ***** piety under Vehumet
  6245 | D:8      | Offered knowledge of Airstrike by Vehumet.
  6354 | D:8      | Reached XP level 10. HP: 44/50 MP: 28/28
  6617 | D:8      | Reached skill level 11 in Ice Magic
  6618 | D:8      | Noticed Maggie
  6630 | D:8      | Killed Maggie
  6735 | D:8      | Found a runed translucent door.
  6738 | D:8      | Found a shimmering altar of Xom.
  6738 | D:8      | Noticed Edwards80's ghost (novice MiBe)
  6738 | D:8      | Noticed a +0 falchion of chaos
  7154 | D:9      | Reached skill level 1 in Fighting
  7239 | D:9      | Found a staircase to the Lair.
  7251 | D:9      | Reached skill level 12 in Ice Magic
  7379 | D:9      | Found the +7 great mace "Undeadhunter" {disrupt, rN+}
  7951 | D:9      | Offered knowledge of Lightning Bolt by Vehumet.
  7957 | D:9      | Found a staircase to the Orcish Mines.
  7975 | D:9      | Learned a level 2 spell: Blink
  7979 | D:9      | Learned a level 3 spell: Mephitic Cloud
  7983 | Orc:1    | Entered Level 1 of the Orcish Mines
  8012 | Orc:1    | Noticed an orc knight
  8026 | Orc:1    | Killed an orc knight
  8026 | Orc:1    | Reached XP level 11. HP: 53/60 MP: 29/29
  8032 | Orc:1    | Noticed an orc sorcerer
  8037 | Orc:1    | Reached skill level 13 in Ice Magic
  8042 | Orc:1    | Killed an orc sorcerer
  8449 | Orc:2    | Entered Level 2 of the Orcish Mines
  8749 | Orc:2    | Noticed an orc sorcerer
  8760 | Orc:2    | Killed an orc sorcerer
  8979 | Orc:2    | Noticed an orc sorcerer
  8980 | Orc:2    | Killed an orc sorcerer
  8999 | Orc:2    | Noticed an orc warlord
  9000 | Orc:2    | Noticed an orc knight
  9000 | Orc:2    | Noticed an orc knight
  9020 | Orc:2    | Shot with a bolt by an orc warlord

Levels and vault maps discovered:
D:1:      dpeg_arrival_rooms_a, layout_basic
D:2:      layout_basic
D:3:      layout_basic, lemuel_round_altar, serial_park_tiny_pond,
          minmay_diced_spiral
D:4:      cheibrodos_helix_gallery, layout_loops_ring, serial_shops,
          kennysheep_mini, shop, nicolae_shop_overgrown_old_shop,
          kennysheep_mini_moat, shop, first_ration,
          hangedman_abyss_or_decor_lesser_grid
D:5:      layout_loops_corners, grunt_temple_overflow_open, lemuel_angel_altar
D:6:      layout_cave_pools, serial_glass, glass_columns_c, glass_columns_a,
          hangedman_decor_push
D:7:      layout_basic, lemuel_temple_firewalk_a, serial_shops, shop
D:8:      statuecave_lemuel, layout_loops_ring, ebering_ghost_xom, special_room
          [special_room_orc], minmay_fractal_squares_gapless_5, uniq_maggie
D:9:      layout_loops_ring, erik_lair_orcish_takeover,
          kennysheep_orc_monster_closet_entryway, hangedman_fish_farm
Orc:1:    layout_caves
Orc:2:    grunt_orc_cross, layout_caves, uniq_josephine

Skill      XL: |  1  2  3  4  5  6  7  8  9 10 11 |
---------------+----------------------------------+-----
Ice Magic      | 5 6 7 10 12 13 | 13.8
Spellcasting   | 4 5 8 10 12 | 12.6
Shields        | 4 |  4.0
Evocations     | 4 |  4.0
Dodging        | 4 |  4.0
Stealth        | 4 |  4.0
Fighting       | 3 4 |  4.0

Action                   |  1- 3 |  4- 6 |  7- 9 | 10-12 || total
-------------------------+-------+-------+-------+-------++-------
Melee: Unarmed           |     1 |       |       |       ||     1
       Flail             |       |    22 |    77 |       ||    99
       Morningstar       |       |       |    39 |       ||    39
       Trident           |       |       |   113 |   176 ||   289
Throw: Dart              |       |       |     1 |     3 ||     4
 Cast: Freeze            |    29 |    11 |    46 |     4 ||    90
       Frozen Ramparts   |     1 |    12 |    48 |    41 ||   102
       Hailstorm         |       |     1 |       |       ||     1
       Summon Ice Beast  |       |       |     6 |    22 ||    28
       Blink             |       |       |       |     1 ||     1
Evoke: Wand              |       |       |       |     2 ||     2
  Use: Potion            |       |     3 |       |       ||     3
       Scroll            |       |     1 |       |       ||     1
 Stab: Sleeping          |       |       |     8 |     3 ||    11
       Distracted        |       |       |     1 |     1 ||     2
  Eat: Chunk             |       |     3 |    15 |     8 ||    26
Armor: Robe              |     8 |    13 |    62 |     3 ||    86
       Steam dragon scal |       |       |       |    14 ||    14
Dodge: Dodged            |    26 |    27 |   157 |    62 ||   272
       Repelled          |       |       |     1 |     4 ||     5
Block: Buckler           |       |       |    29 |    45 ||    74

Table legend:
 A = Non-vault XP
 B = Vault XP
 C = Vault XP percentage of total XP
 D = Non-vault monster count
 E = Vault monster count
 F = Vault count percentage of total count
                 A         B        C        D         E       F
            +---------+---------+-------+---------+---------+-------
      Total |   10315 |    4855 |  32.0 |     257 |      71 |  21.6
            +---------+---------+-------+---------+---------+-------
        D:1 |      31 |       0 |   0.0 |      21 |       0 |   0.0
        D:2 |      40 |       0 |   0.0 |      14 |       0 |   0.0
        D:3 |     199 |      15 |   7.0 |      29 |       2 |   6.5
        D:4 |     475 |      45 |   8.7 |      23 |       2 |   8.0
        D:5 |    1299 |       0 |   0.0 |      38 |       0 |   0.0
        D:6 |    1072 |       0 |   0.0 |      25 |       0 |   0.0
        D:7 |    1173 |       0 |   0.0 |      35 |       0 |   0.0
        D:8 |    1807 |     955 |  34.6 |      19 |      22 |  53.7
        D:9 |    1728 |    1755 |  50.4 |      34 |      27 |  44.3
      Orc:1 |    1890 |       0 |   0.0 |      16 |       0 |   0.0
      Orc:2 |     601 |    2085 |  77.6 |       3 |      18 |  85.7
            +---------+---------+-------+---------+---------+-------
